 Dungeon Sprint DCSS version 0.22.1-2-g9c5b331383 (webtiles) character file.

969 Groucho the Blocker (level 7, -5/75 HPs)
             Began as a Deep Dwarf Fighter on Dec 31, 2018.
             Was a Follower of Makhleb.
             Slain by an ice devil (15 damage)
             ... summoned by a kobold demonologist
             ... in the Dungeon (Sprint I: "Red Sonja").
             The game lasted 00:02:14 (1423 turns).

Groucho the Blocker (Deep Dwarf Fighter)            Turns: 1423, Time: 00:02:15

Health: -5/75      AC:  8    Str: 26    XL:     7   Next: 94%
Magic:  8/10       EV:  9    Int:  9    God:    Makhleb [*.....]
Gold:   416        SH: 12    Dex: 12    Spells: 6/6 levels left

rFire    . . .     SeeInvis .   a - +0 war axe
rCold    . . .     Gourm    .   c - +0 shield
rNeg     . . .     Faith    .   b - +0 scale mail
rPois    .         Spirit   .   (no helmet)
rElec    .         Reflect  .   (no cloak)
rCorr    .         Harm     .   (no gloves)
MR       +....     NoTele   +   (no boots)
Stlth    ..........             (no amulet)
HPRegen  0.00/turn              (no ring)
MPRegen  0.12/turn              (no ring)

@: mighty, non-regenerating, hasted, very quick
A: damage resistance, heal wounds, sense surroundings 1, no regeneration
a: Heal Wounds, Renounce Religion


You were in the Dungeon.
You worshipped Makhleb.
Makhleb was aware of your devotion.
You were not hungry.

You visited 1 branch You collected 416 gold pieces.

Inventory:

Hand Weapons
 a - a +0 war axe (weapon)
Armour
 b - a +0 scale mail (worn)
 c - a +0 shield (worn)
Wands
 l - a wand of digging (14)
Scrolls
 j - a scroll of fog {unknown}
 k - a scroll of blinking
Potions
 i - 2 potions of magic
Comestibles
 f - a ration


   Skills:
 + Level 8.3 Fighting
 + Level 9.6 Axes
 + Level 9.9 Armour
 + Level 9.9 Shields
 + Level 4.0 Invocations


You had 6 spell levels left.
You didn't know any spells.
Your spell library was empty.

Dungeon Overview and Level Annotations

Branches:
Dungeon (1/1)

Altars:
Cheibriados
Dithmenos
Elyvilon
Fedhas
Gozag
Hepliaklqana
Kikubaaqudgha
Makhleb
Nemelex Xobeh
Okawaru
Qazlal
Ru
Sif Muna
Trog
Uskayaw
Vehumet
Wu Jian
Xom
Yredelemnul
Zin
The Shining One
Jiyva
Lugonu

Shops:
D (


Innate Abilities, Weirdness & Mutations

You are resistant to damage.
You can heal yourself by infusing magical energy.
You passively map a small area around you.
You do not regenerate.


Message History

The ice devil barely misses you.
Unknown command.
Unknown command.
Unknown command.
You feel better. The chaos spawn barely misses you.
The ice devil hits you but does no damage.
The iron imp shouts, "Slither hence, thou unctious fault-botching joithead!"
Unknown command.
You feel yourself speed up.
The shadow imp disappears in a puff of smoke!
You block the chaos spawn's attack. You block the ice devil's attack.
The ynoxinul gestures.
The kobold demonologist miscasts a cantrip.
You feel very mighty all of a sudden. The chaos spawn gores you.
The chaos spawn freezes you!
* * * LOW HITPOINT WARNING * * *
The ice devil hits you!
* * * LOW HITPOINT WARNING * * *
The ice devil freezes you!
You die...

#####################***
.').#..'..#__#..@4K3#
.#..').#..'..'..#455#
###'#####'#__####555+,,*
##..#...#.#### *#### + *
_####..##.# ≈ , *
____##'#_.+ ,,,, *
.∩...'..._# ≈≈, * , +
..__##_.#'#* * ,
____###+#.# + * +


You could see an ice devil, a kobold demonologist, a ynoxinul, a chaos spawn, 2
iron imps and 3 ufetubi.

Vanquished Creatures
  A kobold demonologist (D)
  A slime creature (D)
  Sigmund (D)
  A yak (D)
  A floating eye (D)
  An ogre (D)
  A jelly (D)
  Ijyb (D)
8 creatures vanquished.

Vanquished Creatures (others)
  A gargoyle (D)
1 creature vanquished.

Grand Total: 9 creatures vanquished

Notes
Turn   | Place    | Note
-------+----------+-------------------------------------------
     0 | D        | Groucho the Deep Dwarf Fighter began the quest for the Orb.
     0 | D        | Reached XP level 1. HP: 20/20 MP: 1/1
     2 | D        | Noticed Ijyb
    20 | D        | Killed Ijyb
    20 | D        | Reached XP level 2. HP: 27/30 MP: 2/2
   150 | D        | Killed a gargoyle
   317 | D        | Noticed an ogre
   325 | D        | Killed an ogre
   325 | D        | Reached skill level 5 in Axes
   325 | D        | Reached XP level 3. HP: 38/38 MP: 3/3
   325 | D        | Reached XP level 4. HP: 45/45 MP: 4/4
   880 | D        | Noticed Sigmund
   885 | D        | Killed Sigmund
   885 | D        | Reached XP level 5. HP: 42/55 MP: 5/5
   885 | D        | Reached XP level 6. HP: 47/62 MP: 6/6
   898 | D        | Found a deep blue altar of Sif Muna.
   899 | D        | Found an ornate altar of the Wu Jian Council.
   900 | D        | Found a radiant altar of Vehumet.
   939 | D        | Found Leckatheej's Weapon Emporium.
   939 | D        | Found an ancient bone altar of Kikubaaqudgha.
   939 | D        | Found a hazy altar of Hepliaklqana.
   939 | D        | Found a stormy altar of Qazlal.
   939 | D        | Found a hide-covered altar of Uskayaw.
   939 | D        | Found a blossoming altar of Fedhas.
   939 | D        | Found a bloodstained altar of Trog.
   939 | D        | Found an iron altar of Okawaru.
   939 | D        | Found a basalt altar of Yredelemnul.
   939 | D        | Found a glowing golden altar of the Shining One.
   939 | D        | Found a snail-covered altar of Cheibriados.
   939 | D        | Found a sacrificial altar of Ru.
   939 | D        | Found a glowing silver altar of Zin.
   939 | D        | Found a shadowy altar of Dithmenos.
   939 | D        | Found a white marble altar of Elyvilon.
   939 | D        | Noticed a yak
   945 | D        | Killed a yak
   946 | D        | Found an opulent altar of Gozag.
  1254 | D        | Found a sparkling altar of Nemelex Xobeh.
  1274 | D        | Found a burning altar of Makhleb.
  1274 | D        | Found a shimmering altar of Xom.
  1274 | D        | Noticed a slime creature
  1275 | D        | Found a viscous altar of Jiyva.
  1275 | D        | Found a corrupted altar of Lugonu.
  1277 | D        | Became a worshipper of Makhleb the Destroyer
  1286 | D        | Killed a slime creature
  1286 | D        | Reached XP level 7. HP: 42/73 MP: 7/7
  1402 | D        | Noticed a kobold demonologist
  1403 | D        | Noticed a kobold demonologist
  1405 | D        | Paralysed by a floating eye for 4 turns
  1407 | D        | Noticed an ice devil
  1411 | D        | Noticed a chaos spawn
  1411 | D        | Noticed a red devil
  1414 | D        | Killed a kobold demonologist
  1414 | D        | Reached * piety under Makhleb
  1415 | D        | Noticed a ynoxinul
  1423 | D        | Slain by an ice devil

Skill      XL: |  1  2  3  4  5  6  7 |
---------------+----------------------+-----
Fighting       | 3 4 6 7 8 |  8.3
Axes           | 3 5 7 9 |  9.6
Armour         | 4 6 7 9 |  9.9
Shields        | 4 6 7 9 |  9.9
Invocations    | 4 |  4.0

Action                   |  1- 3 |  4- 6 |  7- 9 || total
-------------------------+-------+-------+-------++-------
Melee: War axe           |    25 |    20 |    14 ||    59
  Use: Potion            |     1 |     1 |     3 ||     5
  Eat: Ration            |       |       |     1 ||     1
Armor: Scale mail        |     8 |     2 |     9 ||    19
Dodge: Dodged            |     5 |     3 |     5 ||    13
Block: Shield            |     9 |     9 |     8 ||    26
